 Dungeon Crawl Stone Soup version 0.19-a0-1834-g6b7851e (webtiles) character file.

438 Zhenya24pyc the Cudgeler (level 7, 0/44 HPs)
             Began as a Gargoyle Fighter on Oct 8, 2016.
             Slain by a centaur zombie (1 damage)
             ... in an ossuary.
             The game lasted 00:06:46 (2470 turns).

Zhenya24pyc the Cudgeler (Gargoyle Fighter)         Turns: 2470, Time: 00:06:47

Health: 0/44       AC: 12    Str: 21    XL:     7   Next: 1%
Magic:  7/7        EV:  7    Int:  8    God:
Gold:   150        SH:  9    Dex: 10    Spells: 0 memorised, 6 levels left

rFire  . . .     SeeInvis .     a - +0 flail
rCold  . . .     Gourm    .     b - +0 scale mail
rNeg   + . .     Faith    .     c - +0 shield
rPois  ∞         Spirit   .     (no helmet)
rElec  +         Dismiss  .     (no cloak)
rCorr  .         Reflect  .     (no gloves)
MR     .....     Harm     .     (no boots)
Stlth  ..........               (no amulet)
                                (no ring)
                                (no ring)

@: marked, flying, hasted, very quick
A: negative energy resistance 1, electricity resistance, unbreathing,
petrification resistance, rot immunity, AC +4
a: no special abilities


You were in an ossuary.
You were near starving.

You visited 1 branch of the dungeon, and saw 5 of its levels.
You also visited: Ossuary.

You collected 150 gold pieces.

Inventory:

Hand Weapons
 a - a +0 flail (weapon)
Armour
 b - a +0 scale mail (worn)
 c - a +0 shield (worn)
Jewellery
 i - an uncursed ring of ice {unknown}
 v - an uncursed ring of fire {unknown}
 w - an uncursed amulet of regeneration {unknown}
 x - an uncursed amulet of harm {unknown}
Wands
 t - a wand of flame (23/48)
Scrolls
 h - 2 scrolls of magic mapping {unknown}
 l - a scroll of identify {unknown}
 m - a scroll of enchant weapon {unknown}
 n - 2 scrolls of blinking {unknown}
 p - a scroll of fog {unknown}
 q - a scroll of recharging {unknown}
 r - a scroll of amnesia {unknown}
 s - a scroll of fear {unknown}
Potions
 e - a potion of lignification {unknown}
 k - 2 potions of flight
 o - a potion of haste
 u - a potion of cancellation {unknown}
Comestibles
 f - 3 bread rations
 g - a beef jerky
 j - 6 fruits
 z - a meat ration


   Skills:
 + Level 5.1 Fighting
 * Level 5.3 Maces & Flails
 + Level 4.9 Armour
 - Level 3.2 Shields


You had 6 spell levels left.
You didn't know any spells.

Dungeon Overview and Level Annotations

Branches:
Dungeon (5/15)
 Temple: D:4-7

Altars:
Fedhas
Gozag
Makhleb
Uskayaw
Xom

Annotations:
D:4 Zhenya24pyc's ghost, novice GrFi


Innate Abilities, Weirdness & Mutations

You are resistant to torment.
Your stone body is resilient. (AC +4)
You are immune to poison.
You resist negative energy. (rN+)
You are resistant to electric shocks. (rElec)
You can survive without breathing.
You are immune to petrification.
You are immune to rotting.


Message History

The centaur zombie is almost destroyed.
The centaur zombie barely misses you. You block the centaur zombie's attack.
The jackal zombie closely misses you.
The kobold zombie hits you but does no damage.
The centaur zombie hits you.
* * * LOW HITPOINT WARNING * * *
You block the centaur zombie's attack.
It was a potion of flight.
You feel very buoyant.
You fly up into the air.
The jackal zombie bites you but does no damage.
You block the hobgoblin zombie's attack.
The centaur zombie hits you.
* * * LOW HITPOINT WARNING * * *
The centaur zombie hits you but does no damage.
The kobold zombie barely misses you. The jackal zombie bites you.
* * * LOW HITPOINT WARNING * * *
It was a potion of haste.
You feel yourself speed up. The centaur zombie hits you.
You die...

#...##############...#
#...# #...# #...#
#...# ##...# #...#
#...# ....+####...#
#...# #.∩.....#...#
#...# #.......#...#
#...# #.ZZZ...#...#
#...#.####ZZZZZ..#...#
#...#.....ZZZ@ZZ.#...#
#...#.####ZZ####.#...#
#...# #^.# #...# #...#
#..# #...#
#...######..######...#
#....................#
#........8..8........#
#....................#
#....................#


You could see 2 jackal zombies, a goblin zombie, 2 hobgoblin zombies, 4 kobold
zombies, a big kobold zombie, an orc zombie, an elf zombie, 2 centaur zombies
and a human zombie.

Vanquished Creatures
  The ghost of brucemayne the Cleaver, an amateur HOMo (Ossuary)
  A crimson imp (D:3)
  Jessica (D:3)
  Terence (D:3)
  Ijyb (D:2)
  2 mummies (Ossuary)
  An adder (D:2)
  A gnoll (D:1)
  An ooze (D:1)
  An adder skeleton (D:5)
  An adder zombie (Ossuary)
  2 dart slugs
  2 leopard geckos
  An orc (D:5)
  4 giant cockroaches
  6 goblins
  7 hobgoblins
  7 kobolds
  A quokka (D:5)
  A ball python (D:2)
  5 bats
  2 frilled lizards
  5 hobgoblin zombies (Ossuary)
  6 kobold zombies (Ossuary)
  A leopard gecko skeleton (D:5)
  9 orc zombies (Ossuary)
  5 rats
76 creatures vanquished.

Notes
Turn   | Place    | Note
-------+----------+-------------------------------------------
     0 | D:1      | Zhenya24pyc the Gargoyle Fighter began the quest for the Orb.
     0 | D:1      | Reached XP level 1. HP: 14/14 MP: 1/1
   101 | D:1      | Reached XP level 2. HP: 9/19 MP: 2/2
   386 | D:1      | Reached XP level 3. HP: 24/24 MP: 3/3
  1126 | D:2      | Noticed Ijyb
  1138 | D:2      | Killed Ijyb
  1138 | D:2      | Reached XP level 4. HP: 29/29 MP: 4/4
  1228 | D:2      | Found a blossoming altar of Fedhas.
  1384 | D:2      | Found a hide-covered altar of Uskayaw.
  1384 | D:2      | Found a burning altar of Makhleb.
  1385 | D:2      | Found a shimmering altar of Xom.
  1530 | D:2      | Found an opulent altar of Gozag.
  1751 | D:3      | Reached XP level 5. HP: 34/34 MP: 5/5
  1872 | D:3      | Noticed Terence
  1880 | D:3      | Killed Terence
  1946 | D:3      | Noticed Jessica
  1954 | D:3      | Killed Jessica
  2098 | D:4      | Noticed Zhenya24pyc's ghost (novice GrFi)
  2099 | D:4      | Noticed a phantom
  2123 | D:5      | Entered Level 5 of the Dungeon
  2267 | D:5      | Found a sand-covered staircase.
  2289 | Ossuary  | Entered an ossuary
  2289 | Ossuary  | Noticed brucemayne's ghost (amateur HOMo)
  2304 | Ossuary  | Killed brucemayne's ghost
  2304 | Ossuary  | Reached skill level 5 in Fighting
  2304 | Ossuary  | Reached skill level 5 in Maces & Flails
  2304 | Ossuary  | Reached XP level 6. HP: 17/40 MP: 6/6
  2460 | Ossuary  | Reached XP level 7. HP: 16/44 MP: 7/7
  2469 | Ossuary  | HP: 1/44 [jackal zombie (2)]
  2470 | Ossuary  | Slain by a centaur zombie

Vault maps used:
D:1:      kilobyte_arrival_exit_the_forest
D:2:      lemuel_round_altar, nicolae_overflow_hidden_temple, st_stairs_5,
          grunt_gozag_breadcrumbs, uniq_iyjb
D:3:      first_bread, uniq_jessica, uniq_terence
D:4:      uniq_duvessa
D:5:      nicolae_ossuary_entry_false_entrances, minmay_misc_feat_diagonals
Ossuary:  ossuary_tomb_1

Skill      XL: |  1  2  3  4  5 |
---------------+----------------+-----
Fighting       | 4 5 |  5.1
Maces & Flails | 3 5 |  5.3
Armour         | 4 |  4.9
Shields        | |  3.2

Action                   |  1- 3 |  4- 6 |  7- 9 || total
-------------------------+-------+-------+-------++-------
Melee: Flail             |    76 |   208 |     8 ||   292
  Use: Potion            |       |     1 |     2 ||     3
  Eat: Chunk             |       |     4 |       ||     4
Armor: Scale mail        |    42 |   129 |    24 ||   195
Dodge: Dodged            |    22 |    88 |    13 ||   123
Block: Shield            |    42 |   118 |    20 ||   180
